 Seeded DCSS version 0.27-a0-1060-gcb85b5eba1 (webtiles) character file.

Game seed: 20210421 (custom seed)

31 Snicker the Sneak (level 3, 0/29 HPs)
             Began as a Demonspawn Brigand on Apr 21, 2021.
             Slain by an adder (1 damage)
             ... on level 2 of the Dungeon.
             The game lasted 00:01:31 (1022 turns).

Snicker the Sneak (Demonspawn Brigand)              Turns: 1022, Time: 00:01:32

Health: 0/29       AC:  3    Str: 11    XL:     3   Next: 7%
Magic:  3/3        EV: 11    Int: 12    God:
Gold:   20         SH:  4    Dex: 15    Spells: 2/2 levels left

rFire    + . .     SeeInvis .   a - +1 dagger (elec)
rCold    . . .     Faith    .   (no shield)
rNeg     . . .     Spirit   .   b - +0 robe
rPois    .         Reflect  .   (no helmet)
rElec    .         Harm     .   c - +0 cloak
rCorr    .         Rampage  .   (no gloves)
Will     .....                  (no boots)
Stlth    +++.......             (no amulet)
HPRegen  0.09/turn              j - ring of protection from fire
MPRegen  0.08/turn              (no ring)

@: brilliant, flying
A: condensation shield, talons 1, robust 1
a: no special abilities


You were on level 2 of the Dungeon.
You visited 1 branch of the dungeon, and saw 2 of its levels.

You collected 20 gold pieces.

Inventory:

Hand Weapons
 a - a +1 dagger of electrocution (weapon)
 g - a +2 dagger
Missiles
 d - 8 poisoned darts (quivered)
 e - 2 curare-tipped darts
Armour
 b - a +0 robe (worn)
 c - a +0 cloak (worn)
Jewellery
 j - a ring of protection from fire (left hand)
Scrolls
 h - 4 scrolls of magic mapping {unknown}
 i - a scroll of fear {unknown}
 l - a scroll of identify {unknown}
Potions
 f - a potion of flight


   Skills:
 + Level 2.0 Fighting
 * Level 2.0 Short Blades
 + Level 2.0 Throwing
 + Level 0.8 Dodging
 * Level 4.4 Stealth


You had 2 spell levels left.
You didn't know any spells.
Your spell library contained the following spells:

 Spells                   Type           Power      Damage    Failure   Level
 Beastly Appendage        Tmut           0%         N/A       32%         1
 Wereblood                Tmut           0%         N/A       45%         2
 Spider Form              Tmut/Pois      0%         N/A       69%         3
 Ice Form                 Ice/Tmut       0%         N/A       97%         4
 Hydra Form               Tmut           0%         N/A       100%        5


Dungeon Overview and Level Annotations

Branches:
Dungeon (2/15)

Altars:


Innate Abilities, Weirdness & Mutations

A meltable shield of frost defends you. (SH +4)
You have sharp toenails.
You are robust. (+10% HP)


Message History

You block the adder's attack.
You miss the adder.
You feel sick. The adder closely misses you.
You closely miss the adder.
You feel sick. The adder bites you.
You hit the adder.
The adder is moderately wounded.
You feel sick. The adder closely misses you. You block the adder's attack.
You hit the adder.
The adder is severely wounded.
You feel sick. The adder barely misses you. The endoplasm freezes you.
You are frozen.
* * * LOW HITPOINT WARNING * * *
You completely miss the adder.
The adder is heavily wounded.
You feel sick.
You are no longer poisoned.
The adder barely misses you.
Unknown command.
The endoplasm closely misses you.
The giant cockroach bites you but does no damage.
The adder misses you. The endoplasm completely misses you.
A goblin comes into view. It is wielding a +0 club.
The adder misses you. The adder bites you.
* * * LOW HITPOINT WARNING * * *
The giant cockroach closely misses you. The adder bites you but does no damage.
It was a potion of flight.
You feel very buoyant.
You fly up into the air.
The adder barely misses you.
It was a potion of brilliance.
You feel clever all of a sudden. The adder barely misses you.
It was a potion of mutation.
You feel extremely strange.
Your toenails lengthen and sharpen.
You feel robust. The adder closely misses you.
You miss the adder. Your kick misses the adder.
The adder is heavily wounded.
The adder bites you.
You die...

#.#.#.# #..# #.#
#.....# #..# #.#
#....## #.<# #.#
###....####..# #.#
#............###.#
#..>.......gBJ.#.#
#..(......##g#..#
####.....###S# #.#
#...#†# #@# #
#...#.# #.#
##...........
..J.........##.
####.#..?####
#.#.... # #...##
..... ####.


You could see an adder, an endoplasm, a giant cockroach and 2 goblins.

Vanquished Creatures
  A worm (D:2)
  2 dart slugs (D:1)
  A bat (D:1)
  An endoplasm (D:1)
  A giant cockroach (D:1)
  3 goblins
  6 hobgoblins (D:1)
  2 quokkas
  A kobold (D:1)
  3 rats (D:1)
21 creatures vanquished.

Notes
Turn   | Place    | Note
-------+----------+-------------------------------------------
     0 | D:1      | Snicker the Demonspawn Brigand began the quest for the Orb.
     0 | D:1      | Reached XP level 1. HP: 16/16 MP: 1/1
   309 | D:1      | Gained mutation: A meltable shield of frost defends you.
                  | (SH +4) [demonic ancestry]
   309 | D:1      | Reached XP level 2. HP: 22/22 MP: 2/2
   330 | D:1      | Reached skill level 4 in Stealth
  1001 | D:2      | Reached XP level 3. HP: 17/27 MP: 3/3
  1016 | D:2      | HP: 1/27 [adder (3)]
  1021 | D:2      | Gained mutation: You have sharp toenails. [potion of
                  | mutation]
  1021 | D:2      | Gained mutation: You are robust. (+10% HP) [potion of
                  | mutation]
  1022 | D:2      | Slain by an adder

Illustrated notes

Levels and vault maps discovered:
D:1:      dpeg_arrival_shelter, layout_basic
D:2:      layout_loops_ring, minmay_misc_feat_tiny,
          minmay_randomly_rotated_circles, uniq_robin, uniq_natasha

Skill      XL: |  1  2 |
---------------+-------+-----
Throwing       | 2 |  2.0
Stealth        | 4 |  4.4
Short Blades   | 2 |  2.0
Fighting       | |  2.0
Dodging        | |  0.8

Action                   || total
-------------------------++-------
Melee: Dagger            ||    67
  Use: Potion            ||     3
 Stab: Sleeping          ||     5
Armor: Robe              ||     7
Dodge: Dodged            ||    36
Block: Other             ||     7

Table legend: (Time is in decaauts)
 A = Elapsed time spent in this place.
 B = Non-inter-level travel time spent in this place.
 C = Inter-level travel time spent in this place.
 D = Time resting spent in this place.
 E = Time spent auto-exploring this place.
 F = Levels seen in this place.
 G = Mean time per level.
                   A        B        C        D        E       F      G
               +--------+--------+--------+--------+--------+-----+--------+
         Total |   1014 |    968 |     46 |      0 |    769 |   2 |  507.0 |
       Dungeon |   1014 |    968 |     46 |      0 |    769 |   2 |  507.0 |
               +--------+--------+--------+--------+--------+-----+--------+

Top non-repeatable levels by time:
     D:1: 932 daAuts
     D:2: 81 daAuts
